Map: Chantier naval orbital

Players

KaerVek - Winner!

  • Race: Zerg Zerg
  • League: Diamond

Worming

  • Race: Zerg Zerg
  • League: Diamond

VOD

Have the link to the VOD?

Description

Time

  • Played on: Dec. 21, 2015, 12:14 p.m.
  • Length: 15:22
Show
View Real Time Build Order
Export as new Build Order

KaerVek Zerg - Winner!

Build Orders: Pool First 

Get SALT Encoding   

  12  0:01  Drone  
  13  0:12  Overlord  
  13  0:17  Drone  
  14  0:30  Drone x2  
  14  0:34  Drone  
  17  0:47  Spawning Pool  
  17  0:49  Drone  
  17  1:11  Hatchery  
  16  1:15  Overlord  
  16  1:20  Drone  
  17  1:34  Queen  
  17  1:38  Spine Crawler  
  17  1:39  Zergling x2  
  19  1:42  Zergling x2  
  19  1:46  Zergling x2  
  21  1:51  Drone, Extractor  
  21  2:02  Drone  
  22  2:09  Queen  
  22  2:15  Drone  
  26  2:22  Drone  
  26  2:27  Queen, Drone  
  29  2:34  Drone  
  30  2:38  Drone  
  30  2:42  Drone x2  
  33  2:51  Drone x3  
  36  2:53  Extractor  
  36  2:57  Overlord  
  35  3:04  Metabolic Boost  
  35  3:08  Drone  
  36  3:15  Drone  
  36  3:16  Drone  
  38  3:23  Drone  
  38  3:24  Drone x4  
  43  3:33  Lair  
  43  3:34  Extractor  
  43  3:39  Extractor  
  43  3:41  Baneling Nest  
  40  3:42  Drone  
  42  3:48  Drone x3  
  42  3:52  Overlord  
  44  4:13  Drone x2  
  44  4:14  Drone x4  
  50  4:22  Drone x2  
  50  4:23  Overlord x2  
  52  4:34  Spire  
  51  4:45  Drone  
  52  4:47  Drone x2  
  52  4:49  Hatchery  
  52  4:51  Zergling x6  
  56  4:58  Zergling x8  
  60  5:03  Overlord  
  60  5:09  Roach Warren  
  60  5:10  Drone  
  60  5:38  Baneling x2  
  60  5:45  Mutalisk x8  
  76  5:53  Overlord x2  
  76  5:54  Zerg Flyer Weapons Level 1  
  76  6:02  Mutalisk x2  
  80  6:06  Baneling x4  
  70  6:27  Zergling x4  
  70  6:28  Zergling x12  
  72  6:44  Queen  
  68  6:53  Mutalisk x4  
  74  7:03  Queen  
  74  7:08  Drone x2  
  78  7:11  Drone x3  
  79  7:36  Mutalisk x3  
  79  7:55  Roach x4  
  79  7:56  Roach  
  89  8:08  Hatchery  
  86  8:14  Roach  
  86  8:15  Roach x2  
  92  8:38  Overlord x3  
  92  9:01  Roach x3  
  92  9:02  Roach x7, Glial Reconstitution  
  112  9:31  Roach x4  
  112  9:38  Hatchery  
  113  9:51  Mutalisk  
  115  9:56  Overlord x4  
  115  10:07  Extractor  
  115  10:13  Extractor  
  113  10:20  Mutalisk  
  113  10:21  Mutalisk x5  
  115  10:22  Mutalisk  
  115  10:25  Zerg Flyer Weapons Level 2  
  127  10:29  Drone x3, Evolution Chamber  
  127  10:32  Evolution Chamber  
  128  10:39  Centrifical Hooks  
  128  10:41  Drone x4  
  132  10:55  Zerg Missile Weapons Level 1  
  132  10:57  Zergling x8  
  132  10:58  Zerg Ground Armor Level 1  
  132  11:01  Zergling x2  
  132  11:02  Zergling x6  
  140  11:04  Queen  
  142  11:13  Zergling x6  
  145  11:32  Baneling x8  
  145  11:33  Baneling x6  
  145  11:36  Baneling x4  
  145  11:38  Overlord x3  
  145  12:00  Drone x4  
  151  12:01  Drone x3  
  151  12:02  Roach x3  
  158  12:13  Roach x3  
  158  12:14  Roach x3  
  164  12:42  Mutalisk  
  164  12:43  Mutalisk x4  
  170  12:50  Baneling x3  
  170  12:52  Overlord x4  
  170  12:56  Overlord  
  170  12:58  Overseer x2  
  170  13:16  Zergling x2  
  170  13:17  Zergling x14  
  178  13:31  Zergling x16  
  182  14:12  Roach  
  182  14:13  Roach x8, Hatchery  
  199  14:35  Ravager  
Show
View Real Time Build Order
Export as new Build Order

Worming Zerg 

Build Orders: Pool First 

Get SALT Encoding   

  12  0:01  Drone  
  13  0:12  Overlord  
  13  0:17  Drone  
  14  0:31  Drone x2  
  16  0:36  Drone  
  17  0:46  Spawning Pool  
  17  0:48  Drone  
  17  1:08  Hatchery  
  16  1:14  Drone  
  16  1:15  Drone  
  18  1:21  Extractor  
  17  1:26  Overlord  
  17  1:33  Queen  
  17  1:37  Drone  
  20  1:46  Drone  
  21  1:54  Zergling x2  
  22  2:02  Drone  
  23  2:09  Queen  
  23  2:15  Drone  
  26  2:23  Drone  
  26  2:24  Drone  
  26  2:25  Metabolic Boost  
  30  2:32  Overlord  
  30  2:36  Drone  
  29  2:42  Drone x4  
  33  2:46  Baneling Nest  
  32  3:05  Drone x4  
  35  3:15  Drone x4  
  39  3:21  Zergling x4  
  41  3:29  Lair  
  41  3:31  Drone  
  41  3:32  Drone x2  
  41  3:33  Overlord  
  44  3:49  Extractor, Roach Warren  
  44  3:50  Drone x2  
  44  3:51  Extractor  
  44  3:52  Drone  
  44  3:53  Drone x3  
  47  3:57  Overlord  
  47  3:58  Overlord x2  
  47  4:28  Glial Reconstitution  
  47  4:29  Roach x6  
  47  4:31  Zergling x2  
  60  4:34  Hatchery  
  60  4:35  Drone x2  
  60  4:36  Drone  
  62  4:48  Overlord  
  62  4:49  Roach x2  
  62  4:50  Roach x3  
  72  4:53  Roach  
  72  4:57  Roach  
  76  5:04  Overlord  
  76  5:05  Overlord  
  76  5:07  Overlord  
  76  5:08  Roach  
  76  5:09  Roach  
  80  5:19  Roach  
  82  5:28  Roach x4  
  88  5:31  Baneling x5  
  88  5:32  Baneling  
  88  5:35  Zergling x8  
  94  5:51  Overseer  
  94  6:07  Overlord  
  53  6:54  Extractor  
  53  6:55  Spore Crawler  
  53  6:56  Spore Crawler  
  53  6:58  Spore Crawler x2, Spine Crawler  
  53  6:59  Queen x2  
  53  7:00  Spore Crawler  
  44  7:01  Spore Crawler  
  44  7:05  Hydralisk Den  
  44  7:06  Zergling x2  
  44  7:07  Spore Crawler, Zergling x20  
  52  7:08  Spine Crawler  
  51  7:16  Roach x3  
  51  7:17  Roach x11  
  51  7:20  Evolution Chamber  
  78  7:26  Baneling x2  
  77  7:35  Muscular Augments, Hydralisk x4  
  76  7:53  Spore Crawler, Drone x2  
  76  7:55  Queen  
  79  8:00  Zerg Missile Weapons Level 1  
  70  8:16  Queen, Hydralisk x2  
  70  8:19  Drone  
  77  8:29  Drone x4  
  78  8:40  Overlord x2  
  73  9:22  Hydralisk x3  
  73  9:23  Hydralisk x7  
  81  9:37  Hydralisk x3  
  83  9:42  Extractor  
  83  9:44  Drone x2  
  83  9:45  Drone  
  77  9:52  Roach x3  
  79  9:55  Drone  
  80  10:17  Pneumatized Carapace  
  80  10:18  Drone, Hydralisk x2  
  80  10:19  Zergling x2  
  80  10:20  Zergling x8  
  90  10:40  Overlord x2  
  90  11:00  Roach x4  
  90  11:01  Overlord x4  
  97  11:16  Overlord x2  
  92  11:28  Queen  
  93  11:44  Drone x3  
  95  11:54  Drone x4, Infestation Pit, Extractor  
  99  11:55  Drone x4  
  99  11:56  Extractor  
  99  11:58  Zergling x4  
  102  12:12  Extractor  
  101  12:18  Spore Crawler  
  88  12:43  Drone x3  
  88  12:44  Spore Crawler  
  85  12:45  Drone x7  
  92  12:54  Zerg Missile Weapons Level 2  
  92  12:57  Drone x4  
  96  13:11  Drone x3  
  96  13:12  Drone x3  
  101  13:43  Infestor x6  
  101  13:44  Infestor  
  114  14:18  Infestation Pit  
  111  14:25  Extractor  
  110  14:41  Roach x3  
  110  14:42  Roach x7  
Tags
 
Add a new tag
Caveats
  • Supply blocks, unpowered buildings, or Contaminate may cause inaccurate times.
  • Supply counts are checked every 10 seconds.